 Dungeon Crawl Stone Soup version 0.30-b1-2-g02819fbbbe (webtiles) character file.

Game seed: 10187772112979021074

1801 LLlMATKO the Trooper (level 8, -5/73 HPs)
             Began as a Minotaur Berserker on July 2, 2023.
             Was a Priest of Trog.
             Slain by a boulder beetle (13 damage)
             ... on level 6 of the Dungeon.
             The game lasted 00:03:18 (4387 turns).

LLlMATKO the Trooper (Minotaur Berserker)           Turns: 4387, Time: 00:03:18

Health: -5/73      AC: 13    Str: 23    XL:     8   Next: 83%
Magic:  7/7        EV:  7    Int:  4    God:    Trog [***...]
Gold:   298        SH: 15    Dex: 17    Spells: 7/7 levels left

rFire   . . .        a - +0 hand axe
rCold   . . .        n - +0 tower shield
rNeg    . . .        q - +0 plate armour
rPois   +            (helmet restricted)
rElec   .            (no cloak)
rCorr   .            (no gloves)
SInv    .            (no boots)
Will    .....        (no amulet) Stlth
                     w - ring of poison resistance
HPRegen 0.32/turn    x - +6 ring of dexterity
MPRegen 0.10/turn

%: no passive effects
@: on berserk cooldown, slowed, very slow
A: horns 2, retaliatory headbutt
a: Renounce Religion, Berserk, Trog's Hand


You were on level 6 of the Dungeon.
You worshipped Trog.
Trog was most pleased with you.
You visited 1 branch of the dungeon, and saw 6 of its levels.

You collected 298 gold pieces.

Inventory:

Hand Weapons
 a - a +0 hand axe (weapon)
Missiles
 m - 4 poisoned darts (quivered)
Armour
 n - a +0 tower shield (worn)
 q - a +0 plate armour (worn)
Jewellery
 w - a ring of poison resistance (left hand)
 x - a +6 ring of dexterity (right hand)
Wands
 z - a wand of mindburst (12)
 A - a wand of charming (12)
Scrolls
 c - 7 scrolls of identify {unknown}
 d - 4 scrolls of magic mapping {unknown}
 e - 3 scrolls of teleportation {unknown}
 g - 2 scrolls of fog {unknown}
 i - a scroll of enchant armour {unknown}
 o - 4 scrolls of blinking {unknown}
 s - a scroll of vulnerability {unknown}
 t - a scroll of acquirement {unknown}
 u - a scroll of butterflies {unknown}
 y - a scroll of immolation {unknown}
 C - a scroll of enchant weapon {unknown}
Potions
 b - a potion of haste {unknown}
 f - a potion of attraction {unknown}
 h - a potion of invisibility {unknown}
 j - a potion of mutation {unknown}
 k - 2 potions of brilliance {unknown}
 l - 10 potions of curing {unknown}
 p - 2 potions of heal wounds {unknown}
 r - a potion of berserk rage {unknown}
 v - a potion of degeneration {unknown}
 B - a potion of magic {unknown}
 D - 2 potions of flight {unknown}


   Skills:
 + Level 7.2 Fighting
 + Level 7.1 Axes
 + Level 6.6 Armour
 + Level 5.9 Dodging
 + Level 5.7 Shields


You had 7 spell levels left.
You didn't know any spells.
Your spell library was empty.

Dungeon Overview and Level Annotations

Branches:
Dungeon (6/15)             Temple (0/1) D:6

Altars:
Cheibriados
Makhleb
Uskayaw


Innate Abilities, Weirdness & Mutations

You have a pair of horns on your head.
You reflexively headbutt those who attack you in melee.


Message History

You hit the boulder beetle.
The boulder beetle is severely wounded.
You hit the boulder beetle but do no damage.
The boulder beetle is severely wounded.
The boulder beetle closely misses you.
You slash the boulder beetle!
The boulder beetle is severely wounded.
The boulder beetle barely misses you.
You hit the boulder beetle but do no damage.
The boulder beetle is severely wounded.
You block the boulder beetle's attack.
You hit the boulder beetle.
The boulder beetle is severely wounded.
The boulder beetle bites you but does no damage.
You hit the boulder beetle but do no damage.
You headbutt the boulder beetle, but do no damage.
The boulder beetle is severely wounded.
You hit the boulder beetle.
The boulder beetle is severely wounded.
The boulder beetle bites you.
You hit the boulder beetle but do no damage.
The boulder beetle is severely wounded.
The boulder beetle bites you!
* * * LOW HITPOINT WARNING * * *
You hit the boulder beetle but do no damage.
You headbutt the boulder beetle, but do no damage.
The boulder beetle is severely wounded.
You block the boulder beetle's attack.
You hit the boulder beetle but do no damage.
You headbutt the boulder beetle, but do no damage.
The boulder beetle is severely wounded.
You are no longer berserk.
You are exhausted.
You feel yourself slow down. The boulder beetle bites you!
* * * LOW HITPOINT WARNING * * *
You hit the boulder beetle but do no damage.
You headbutt the boulder beetle.
The boulder beetle is severely wounded.
The boulder beetle bites you!
You die...

##...##...#...#
##..##.###...#
.........##.#
#...#
.######.##.)#
#...#
#...(####...+
###.>.......#
#.........#
#.........#
#....@.####
#.?..B.#
#......#
#......#
#.......
#........
......^..
######.....


You could see a boulder beetle.

Vanquished Creatures
  Prince Ribbit (D:6)
  Sigmund (D:6)
  A wyvern (D:6)
  3 ice beasts
  A centaur (D:5)
  6 scorpions
  2 hounds
  4 jellies
  5 iguanas
  A sleepcap (D:5)
  2 orc wizards
  9 adders
  2 shadow imps (D:6)
  2 white imps
  A worm (D:2)
  3 dart slugs
  12 orcs
  5 ball pythons
  11 endoplasms
  2 giant cockroaches
  6 goblins
  4 hobgoblins
  3 jackals (D:4)
  6 kobolds
  2 quokkas (D:4)
  3 bats
  6 frilled lizards
  8 rats
112 creatures vanquished.

Vanquished Creatures (others)
  3 plants (D:6)
3 creatures vanquished.

Grand Total: 115 creatures vanquished

Notes
Turn   | Place    | Note
-------+----------+-------------------------------------------
     0 | D:1      | LLlMATKO the Minotaur Berserker began the quest for the
                  | Orb.
     0 | D:1      | Reached XP level 1. HP: 19/19 MP: 0/0
   130 | D:1      | Reached XP level 2. HP: 27/27 MP: 1/1
   697 | D:2      | Reached XP level 3. HP: 33/33 MP: 2/2
   699 | D:2      | Reached ** piety under Trog
  1393 | D:3      | Reached skill level 1 in Shields
  1427 | D:3      | Reached XP level 4. HP: 40/40 MP: 3/3
  1694 | D:3      | Found a snail-covered altar of Cheibriados.
  2065 | D:4      | Noticed a scorpion
  2077 | D:4      | Killed a scorpion
  2078 | D:4      | Reached XP level 5. HP: 47/47 MP: 4/4
  2134 | D:4      | Found a hide-covered altar of Uskayaw.
  2405 | D:4      | Reached skill level 5 in Axes
  2405 | D:4      | Reached XP level 6. HP: 16/55 MP: 5/5
  2561 | D:4      | Reached skill level 5 in Fighting
  3066 | D:5      | Entered Level 5 of the Dungeon
  3079 | D:5      | Reached XP level 7. HP: 41/61 MP: 6/6
  3208 | D:5      | Reached *** piety under Trog
  3311 | D:5      | Reached skill level 5 in Armour
  3639 | D:5      | Found a burning altar of Makhleb.
  3834 | D:6      | Reached skill level 5 in Dodging
  3834 | D:6      | Reached XP level 8. HP: 47/70 MP: 7/7
  4023 | D:6      | Found a staircase to the Ecumenical Temple.
  4054 | D:6      | Noticed Prince Ribbit
  4061 | D:6      | Killed Prince Ribbit
  4062 | D:6      | Reached skill level 5 in Shields
  4259 | D:6      | Noticed Sigmund
  4273 | D:6      | Killed Sigmund
  4360 | D:6      | Noticed a boulder beetle
  4387 | D:6      | Slain by a boulder beetle

Illustrated notes

Levels and vault maps discovered:
D:1:      matt_arrival_refuge, layout_rooms, minmay_tromino_mix6
D:2:      layout_basic, kennysheep_boxes
D:3:      layout_basic, mainiacjoe_overflow_alcove_1
D:4:      layout_basic, mainiacjoe_overflow_24_doors, minmay_misc_feat_room
D:5:      layout_rooms, nicolae_overflow_hidden_temple,
          hangedman_abyss_or_decor_passed
D:6:      layout_basic, minmay_temple_entry_gardened_gates, uniq_prince_ribbit1,
          uniq_sigmund

Skill      XL: |  1  2  3  4  5  6  7  8 |
---------------+-------------------------+-----
Fighting       | 4 5 6 7 |  7.2
Axes           | 4 5 6 7 |  7.1
Armour         | 3 4 5 6 |  6.6
Dodging        | 3 4 5 |  5.9
Shields        | 1 2 3 4 5 |  5.7

Action                     |  1- 3 |  4- 6 |  7- 9 || total
---------------------------+-------+-------+-------++-------
  Melee: Hand axe          |    84 |    99 |   148 ||   331
         Headbutt          |    12 |    21 |    37 ||    70
         Punch             |     1 |       |       ||     1
 Invoke: Berserk           |       |     3 |     3 ||     6
   Stab: Sleeping          |     1 |       |       ||     1
 Armour: Animal skin       |    12 |       |       ||    12
         Plate armour      |     2 |    53 |    64 ||   119
  Dodge: Dodged            |    38 |    23 |    25 ||    86
  Block: Tower shield      |    19 |    65 |    85 ||   169
